 Dungeon Crawl Stone Soup version 0.30-a0-1113-ga8025317a9 (webtiles) character file.

Game seed: 8352733271351831280

11700 Anamonty the Tainter (level 11, -21/73 HPs)
             Began as an Octopode Venom Mage on Apr 20, 2023.
             Was an Elder of Qazlal.
             Demolished by a death yak (28 damage)
             ... on level 8 of the Dungeon.
             The game lasted 00:21:13 (12442 turns).

Anamonty the Tainter (Octopode Venom Mage)         Turns: 12442, Time: 00:21:14

Health: -21/73     AC:  5    Str: 25    XL:     11   Next: 81%
Magic:  22/22      EV: 17    Int: 17    God:    Qazlal [****..]
Gold:   667        SH:  5    Dex: 17    Spells: 16/24 levels left

rFire   . . .      SeeInvis .    B - +5 war axe "Fenujabu" {freeze, Dex+5}
rCold   . . .      Faith    .    (no shield)
rNeg    . . .      Spirit   .    (helmet restricted)
rPois   .          Reflect  .    h - amulet of the acrobat
rElec   .          Rampage  .    o - +6 ring of strength
rCorr   +                        r - ring of wizardry
Will    .....                    C - +4 ring of protection
Stlth   ++                       H - +6 ring of strength
HPRegen 0.32/turn                L - ring of resist corrosion
MPRegen 0.18/turn                (no ring)
                                 (no ring)
                                 (no ring)

@: lethally poisoned (-21 -> -25), repel missiles
A: almost no armour, amphibious, 8 rings, camouflage 1, gelatinous body 1,
(nimble swimmer 1), tentacles
a: Renounce Religion, Upheaval, Elemental Force


You were on level 8 of the Dungeon.
You worshipped Qazlal.
Qazlal was greatly pleased with you.
You visited 2 branches of the dungeon, and saw 12 of its levels.
You also visited: Bailey.

You collected 667 gold pieces.

Inventory:

Hand Weapons
 c - a +0 short sword
 p - a +1 dagger of holy wrath
 B - the +5 war axe "Fenujabu" (weapon) {freeze, Dex+5}
   (You found it on level 7 of the Dungeon)

   Dex:       It affects your dexterity (+5).
Missiles
 D - 8 throwing nets
Magical Staves
 s - the staff of air "Erphuask" {rElec Str+3 Int+4}
   (You found it on level 3 of the Dungeon)

   [staff of air]

   Base accuracy: +5 Base damage: 5 Base attack delay: 1.2 This weapon's minimum
   attack delay (0.6) is reached at skill level 12.
   Str:       It affects your strength (+3).
   Int:       It affects your intelligence (+4).
   rElec:     It insulates you from electricity.
   It falls into the 'Staves' category.
   It is a one-tentacled weapon.
Jewellery
 h - an amulet of the acrobat (around mantle)
 o - a +6 ring of strength (left tentacle)
 q - a ring of ice
 r - a ring of wizardry (right tentacle)
 C - a +4 ring of protection (on tentacle)
 G - an amulet of faith
 H - a +6 ring of strength (on tentacle)
 L - a ring of resist corrosion (on tentacle)
Wands
 v - a wand of polymorph (11)
 y - a wand of acid (14) (quivered)
 F - a wand of flame (19)
Scrolls
 f - a scroll of noise
 g - a scroll of brand weapon
 i - 2 scrolls of enchant armour
 j - 6 scrolls of teleportation
 n - a scroll of blinking {unknown}
 u - 2 scrolls of poison {unknown}
 w - a scroll of magic mapping {unknown}
 x - 2 scrolls of amnesia
 z - a scroll of immolation
 A - a scroll of torment
 E - a scroll of vulnerability {unknown}
 I - a scroll of acquirement {unknown}
 J - a scroll of silence {unknown}
Potions
 a - 2 potions of magic
 b - 5 potions of curing
 d - a potion of heal wounds {unknown}
 e - 2 potions of lignification
 k - 2 potions of ambrosia
 l - 4 potions of haste
 t - 4 potions of attraction
 K - a potion of might {unknown}
 M - a potion of mutation {unknown}
 O - a potion of brilliance {unknown}
 P - 2 potions of resistance
Miscellaneous
 N - a lightning rod (4/4)


   Skills:
 + Level 6.3 Fighting
 + Level 8.2 Dodging
 - Level 3.0 Stealth
 + Level 6.2 Unarmed Combat
 + Level 7.3 Spellcasting
 + Level 6.5 Transmutations
 - Level 9.0 Poison Magic
 + Level 5.8 Invocations
 + Level 4.4 Evocations


You had 16 spell levels left.
You knew the following spells:

 Your Spells              Type           Power      Damage    Failure   Level
a - Sting                 Tmut/Pois      100%       1d8       1%          1
b - Olgreb's Toxic Radia  Pois           36%        N/A       1%          4
c - Mephitic Cloud        Conj/Pois/Air  16%        N/A       4%          3

Your spell library contained the following spells:

 Spells                   Type           Power      Damage    Failure   Level
 Poisonous Vapours        Pois/Air       42%        N/A       1%          2
 Necrotise                Necr           24%        1d5       4%          1
 Vampiric Draining        Necr           6%         2d6       13%         3
 Agony                    Necr           6%         N/A       73%         5


Dungeon Overview and Level Annotations

Branches:
Dungeon (11/15)            Temple (0/1) D:7            Lair (1/5) D:8
 Bailey (visited)
    Orc: D:9-12

Altars:
Cheibriados
Dithmenos
Fedhas
Nemelex Xobeh
Okawaru
Qazlal
Ru
Uskayaw
Vehumet
Xom
Yredelemnul
Zin

Annotations:
D:3 3 runed translucent doors, Gandelf's ghost, amateur SpCj; Pascal76's ghost, amateur GrBe; anet's ghost, amateur MiBe
D:9 1 runed translucent door, scienide's ghost, journeyman GrFi
Lair:1 Urug


Innate Abilities, Weirdness & Mutations

You cannot wear most types of armour.
You are amphibious.
You can wear up to eight rings at the same time.
Your skin changes colour to match your surroundings (Stealth+).
Your rubbery body absorbs attacks. (AC +1, EV +1)
((You are camouflaged when in or above water. (Stealth+)))
You have tentacles for arms and can constrict up to eight enemies at once.


Message History

HP restored.
Magic restored.
Done exploring.
Okay, then.
Okay, then.
You climb downwards.
Welcome back to the Lair of Beasts!
Level annotation: Urug The death yak bellows!
The yak bellows!
The water moccasin bites you.
You are poisoned.
The water moccasin poisons you!
Urug throws a javelin.
The javelin completely misses you. The cane toad closely misses you.
The death yak gores you!! The water moccasin misses you.
There is a staircase back to the Dungeon, spattered with blood here.
You feel very sick. The cane toad barely misses you.
The death yak is engulfed in freezing vapours.
The death yak gores you!!
* * * LOW HITPOINT WARNING * * *
The water moccasin completely misses you.
You block the cane toad's attack.
Urug throws a javelin.
The javelin misses you.
You climb upwards.
Welcome back to the Dungeon!
You feel very sick.
There is a staircase to the Lair here.
Okay, then.
As you read the scroll of fear, it crumbles to dust.
You assume a fearsome visage.
The yak looks frightened!
The death yak easily resists.
The cane toad looks frightened!
The water moccasin looks frightened!
You feel sick.
The water moccasin is engulfed in freezing vapours.
The death yak gores you.
* * * LOW HITPOINT WARNING * * *
Okay, then.
Okay, then.
As you read the scroll of fear, it crumbles to dust.
You assume a fearsome visage.
The death yak resists with almost no effort.
You feel sick. The death yak gores you!!
You die...

.....................[........>#.
.....#######........###.....##.#.
.....######...P.......#........#.
.....#...[...P.....P.........#...
..####......P.P..........P.....#.
..# #.......S............).##.#.
######..........☼.○.....P...##.#.
....##.........☼Y........P..##.#.
.............Y..@P.....P...###.#.
....##...........§☼........# #...
....##.....P.PFP°......P.P.# #.##
.#####................P....# #.##
.#####.....P....P..........# #.##
.....#..............P......# #.##
.......##..P.....P...P.....# #.#
##...#.####.......P........###.##
##.#.#.....##..............##....


You could see a death yak, a yak (fleeing), a cane toad (fleeing) and a water
moccasin (fleeing).

Vanquished Creatures
  Erica (D:8)
  A cyclops (D:11)
  A gargoyle (D:11)
  Maggie (D:8)
  2 trolls
  Prince Ribbit (D:8)
  A hornet (D:9)
  17 yaks
  3 wyverns
  A wraith (D:10)
  2 steam dragons
  2 vampire mosquitoes (D:11)
  Menkaure (D:6)
  2 water moccasins
  3 acid dragons
  4 black bears (D:8)
  2 sky beasts
  An ogre (D:4)
  6 wolves (Bailey)
  3 centaurs
  A phantom (D:5)
  4 kobold brigands
  4 scorpions
  4 bullfrogs
  8 gnoll sergeants (Bailey)
  A wight (D:8)
  23 killer bees
  2 howler monkeys
  4 hounds
  A jelly (D:4)
  6 orc priests
  8 gnoll boudas
  A sleepcap (D:7)
  3 iguanas
  11 orc wizards
  Terence (D:2)
  A mummy (D:6)
  25 gnolls
  4 adders
  A white imp (D:8)
  An ufetubus (D:6)
  3 worms
  5 dart slugs
  33 orcs
  8 endoplasms
  3 giant cockroaches
  2 goblins
  11 hobgoblins
  9 jackals
  A quokka (D:4)
  6 ball pythons
  4 bats
  14 frilled lizards
  18 kobolds
  9 rats
295 creatures vanquished.

Vanquished Creatures (others)
  46 fungi (D:8)
  50 plants
  4 withered plants (D:3)
100 creatures vanquished.

Grand Total: 395 creatures vanquished

Notes
Turn   | Place    | Note
-------+----------+-------------------------------------------
     0 | D:1      | Anamonty the Octopode Venom Mage began the quest for the
                  | Orb.
     0 | D:1      | Reached XP level 1. HP: 11/11 MP: 3/3
   315 | D:1      | Reached XP level 2. HP: 17/17 MP: 5/5
   412 | D:1      | Reached skill level 4 in Poison Magic
   577 | D:1      | Reached XP level 3. HP: 10/21 MP: 6/6
   995 | D:2      | Noticed Terence
  1012 | D:2      | Killed Terence
  1095 | D:2      | Reached XP level 4. HP: 27/27 MP: 7/7
  1444 | D:2      | Learned a level 4 spell: Olgreb's Toxic Radiance
  1552 | D:2      | Reached skill level 5 in Poison Magic
  1802 | D:3      | Identified the staff of air "Erphuask" {rElec Str+3 Int+4}
  1891 | D:3      | Reached XP level 5. HP: 27/31 MP: 4/9
  1959 | D:3      | Found a runed translucent gate.
  1959 | D:3      | Found a runed translucent gate.
  1964 | D:3      | Learned a level 3 spell: Mephitic Cloud
  1964 | D:3      | Found a runed translucent gate.
  2020 | D:3      | Noticed Pascal76's ghost (amateur GrBe)
  2021 | D:3      | Noticed anet's ghost (amateur MiBe)
  2021 | D:3      | Noticed Gandelf's ghost (amateur SpCj)
  2319 | D:4      | Noticed a black bear
  2433 | D:4      | HP: 1/31 [adder (3)]
  2615 | D:4      | Noticed an ogre
  2769 | D:4      | Killed an ogre
  2770 | D:4      | Reached skill level 6 in Poison Magic
  2770 | D:4      | Reached XP level 6. HP: 36/36 MP: 1/10
  3036 | D:4      | Noticed an ice beast
  3345 | D:4      | Reached XP level 7. HP: 41/41 MP: 6/12
  3679 | D:5      | Entered Level 5 of the Dungeon
  3687 | D:5      | Found a shadowy altar of Dithmenos.
  3749 | D:5      | Found an iron altar of Okawaru.
  3758 | D:5      | Found a sacrificial altar of Ru.
  3867 | D:5      | Found a blossoming altar of Fedhas.
  3939 | D:5      | Found a hide-covered altar of Uskayaw.
  4083 | D:5      | Reached skill level 7 in Poison Magic
  4354 | D:5      | Found a sparkling altar of Nemelex Xobeh.
  4643 | D:6      | Noticed a steam dragon
  4645 | D:6      | Noticed a wyvern
  4835 | D:6      | Noticed Menkaure
  4854 | D:6      | HP: 1/41 [Menkaure/nerve-wracking pain (10)]
  5060 | D:5      | Killed a steam dragon
  5061 | D:5      | Reached skill level 8 in Poison Magic
  5061 | D:5      | Reached XP level 8. HP: 46/46 MP: 0/14
  5183 | D:6      | Found a snail-covered altar of Cheibriados.
  5285 | D:6      | Killed a wyvern
  5407 | D:6      | Reached skill level 1 in Fighting
  5407 | D:6      | Reached skill level 5 in Dodging
  5407 | D:6      | Reached skill level 1 in Unarmed Combat
  5480 | D:7      | Found a stormy altar of Qazlal.
  5509 | D:7      | Became a worshipper of Qazlal Stormbringer
  5784 | D:6      | Killed Menkaure
  6315 | D:7      | Identified the +5 war axe "Fenujabu" {freeze, Dex+5}
  6321 | D:7      | Reached skill level 5 in Spellcasting
  6452 | D:7      | Reached XP level 9. HP: 55/55 MP: 16/16
  6493 | D:7      | Reached skill level 9 in Poison Magic
  6777 | D:7      | Found a staircase to the Ecumenical Temple.
  6789 | D:7      | Reached * piety under Qazlal
  6977 | D:8      | Noticed Erica
  7082 | D:8      | Found a flagged portal.
  7088 | Bailey   | Entered a bailey
  7318 | Bailey   | Reached skill level 1 in Invocations
  7675 | Bailey   | Reached XP level 10. HP: 47/63 MP: 7/18
  7995 | D:8      | Found a shimmering altar of Xom.
  8037 | D:8      | Found a basalt altar of Yredelemnul.
  8058 | D:8      | Reached ** piety under Qazlal
  8083 | D:8      | Noticed Prince Ribbit
  8089 | D:8      | Killed Prince Ribbit
  8189 | D:8      | Noticed Maggie
  8201 | D:8      | Found a staircase to the Lair.
  8382 | D:8      | Killed Maggie
  8383 | D:8      | Reached skill level 5 in Transmutations
  8476 | D:8      | Reached skill level 1 in Evocations
  8494 | D:7      | HP: 3/65 [water moccasin (10)]
  8864 | D:8      | Reached skill level 5 in Fighting
  8916 | D:8      | Reached skill level 5 in Unarmed Combat
  9013 | D:8      | Found a radiant altar of Vehumet.
  9034 | D:8      | Found a glowing silver altar of Zin.
  9051 | D:8      | Killed Erica
  9607 | D:9      | Paralysed by a hornet for 3 turns
  9808 | D:9      | Reached XP level 11. HP: 50/72 MP: 4/21
 10015 | D:9      | Reached *** piety under Qazlal
 10582 | D:9      | Found a runed translucent door.
 10587 | D:9      | Noticed scienide's ghost (journeyman GrFi)
 10587 | D:9      | Noticed a deep elf knight
 10957 | D:10     | Entered Level 10 of the Dungeon
 10967 | D:10     | Reached skill level 5 in Invocations
 11077 | D:10     | Reached **** piety under Qazlal
 11675 | D:10     | Identified the +1 leather armour of Privacy {rCorr Dex-2
                  | Stlth+}
 11927 | D:11     | Noticed a cyclops
 11946 | D:11     | Killed a cyclops
 12231 | D:11     | Noticed a green ugly thing
 12311 | Lair:1   | Entered Level 1 of the Lair of Beasts
 12315 | Lair:1   | Noticed Urug
 12438 | Lair:1   | Noticed a death yak
 12442 | D:8      | Demolished by a death yak

Illustrated notes

Levels and vault maps discovered:
D:1:      matt_arrival_los_fun, layout_loops_cross, minmay_pentomino_p2
D:2:      layout_loops_ring, minmay_lizard_king, uniq_terence
D:3:      cheibrodos_pilgrimage, layout_rooms, gammafunk_ghost_cemetery,
          serial_bayou_pond_d, chequers_serial_rivers_micro_d
D:4:      layout_loops_ring, nicolae_hexahallways, grunt_tough_drop
D:5:      layout_basic, nicolae_dithmenos_through_a_glass_darkly,
          nicolae_ru_awakened_eye, fedhas_altar_2,
          mainiacjoe_overflow_cross_hatched, overflow_temple_1_default,
          nemelex_altar_shiori
D:6:      layout_cave_pools, chei_slow_surprise, uniq_menkaure
D:7:      layout_loops_ring, nicolae_qazlal_scattered_showers,
          minmay_temple_entry_mini_moons
D:8:      layout_basic, mainiacjoe_overflow_alcove_1,
          mainiacjoe_overflow_catwalk, jmf_multi_god_temple,
          due_lair_maze_entry_diamond, enter_bailey_2, serial_corexii_hall,
          chequers_hall_statues_y, chequers_hall_statues_wall_a,
          corexii_hall_statues_l, corexii_hall_statues_deadend, uniq_maggie,
          uniq_erica, uniq_prince_ribbit1
D:9:      layout_basic, serial_glass, glass_columns_b, glass_columns_b,
          ebering_ghost_inner_flame, st_stairs_2
D:10:     layout_cave_pools, nicolae_figureground_pulse
D:11:     layout_gridville
Lair:1:   layout_hall_layers, special_room, uniq_urug

Skill      XL: |  1  2  3  4  5  6  7  8  9 10 11 |
---------------+----------------------------------+-----
Stealth        | 3 |  3.0
Poison Magic   | 4 5 6 8 9 |  9.0
Dodging        | 3 4 5 6 7 8 |  8.2
Spellcasting   | 3 4 5 6 7 |  7.3
Fighting       | 2 4 5 6 |  6.3
Unarmed Combat | 2 4 5 6 |  6.2
Transmutations | 2 4 5 6 |  6.5
Invocations    | 2 4 5 |  5.8
Evocations     | 2 4 |  4.4

Action                     |  1- 3 |  4- 6 |  7- 9 | 10-12 || total
---------------------------+-------+-------+-------+-------++-------
  Melee: Short sword       |    49 |    55 |       |       ||   104
         Constrict         |    16 |    18 |    18 |    28 ||    80
         Tentacles         |    14 |    17 |    12 |    32 ||    75
         Unarmed           |     1 |       |       |       ||     1
         Staff             |       |    36 |    50 |       ||    86
         Punch             |       |       |     5 |     5 ||    10
         War axe           |       |       |    22 |   135 ||   157
   Cast: Sting             |    11 |    14 |    13 |     6 ||    44
         Olgreb's Toxic Ra |       |    14 |    47 |    49 ||   110
         Mephitic Cloud    |       |     1 |    14 |    24 ||    39
  Evoke: Wand              |       |       |     2 |     3 ||     5
    Use: Potion            |     1 |     1 |       |     4 ||     6
         Scroll            |       |       |     7 |     9 ||    16
   Stab: Sleeping          |     7 |     8 |     3 |       ||    18
         Confused          |       |     1 |       |     4 ||     5
         Distracted        |       |       |     1 |       ||     1
 Armour: Skin              |     5 |     8 |     1 |    10 ||    24
  Dodge: Dodged            |    30 |    62 |   109 |   158 ||   359
         Repelled          |       |       |       |     2 ||     2
  Block: Other             |       |       |     3 |    33 ||    36

Table legend: (Time is in decaauts)
 A = Elapsed time spent in this place.
 B = Non-inter-level travel time spent in this place.
 C = Inter-level travel time spent in this place.
 D = Time resting spent in this place.
 E = Time spent auto-exploring this place.
 F = Levels seen in this place.
 G = Mean time per level.
                   A        B        C        D        E       F      G
               +--------+--------+--------+--------+--------+-----+--------+
         Total |  12551 |  12063 |    488 |      0 |   9774 |  13 |  965.5 |
       Dungeon |  11631 |  11144 |    487 |      0 |   9134 |  11 | 1057.4 |
          Lair |     18 |     18 |      0 |      0 |      0 |   1 |   18.0 |
        Bailey |    901 |    901 |      0 |      0 |    640 |   1 |  901.0 |
               +--------+--------+--------+--------+--------+-----+--------+

Top non-repeatable levels by time:
     D:9: 1663 daAuts
     D:4: 1662 daAuts
     D:7: 1387 daAuts
     D:8: 1279 daAuts
     D:5: 1130 daAuts
     D:6: 1027 daAuts
  Bailey: 901 daAuts
    D:10: 883 daAuts
     D:1: 843 daAuts
     D:2: 827 daAuts
     D:3: 601 daAuts
    D:11: 324 daAuts
  Lair:1: 18 daAuts
